Map: Ascension to Aiur LE

Players

Elazer - Winner!

  • Race: Zerg Zerg
  • League: Master
  • Spawn Location: 5:00

Stephano

  • Race: Zerg Zerg
  • League: Grandmaster
  • Spawn Location: 11:00

Event: HomeStory Cup XVI

VOD

Have the link to the VOD?

Description

Time

  • Played on: Nov. 9, 2017, 6:31 a.m.
  • Length: 9:08

All games in this series

Show
View Real Time Build Order
Export as new Build Order

Elazer Zerg - Winner!

Build Orders: Hatch First 

Get SALT Encoding   

  12  0:00  Drone  
  13  0:12  Overlord  
  13  0:17  Drone  
  14  0:30  Drone x2  
  14  0:34  Drone  
  17  0:50  Hatchery  
  17  0:54  Drone  
  18  0:57  Drone  
  18  1:07  Extractor  
  17  1:11  Spawning Pool  
  17  1:15  Drone  
  17  1:18  Drone  
  18  1:27  Drone  
  19  1:38  Overlord  
  19  1:50  Drone  
  20  1:58  Queen  
  20  2:00  Zergling x2  
  23  2:02  Queen, Zergling x2  
  23  2:06  Metabolic Boost  
  26  2:10  Drone  
  26  2:14  Drone  
  28  2:22  Drone  
  29  2:24  Drone  
  30  2:34  Drone  
  30  2:35  Drone  
  32  2:42  Hatchery  
  31  2:47  Baneling Nest  
  31  2:49  Zergling x2  
  31  2:53  Overlord  
  31  2:56  Drone  
  32  2:59  Drone  
  33  3:05  Zergling x2  
  33  3:11  Drone  
  33  3:12  Queen, Drone  
  36  3:17  Zergling x2  
  36  3:18  Drone  
  40  3:21  Drone  
  40  3:25  Drone  
  42  3:30  Baneling x2  
  41  3:34  Overlord  
  41  3:36  Drone  
  41  3:39  Drone  
  41  3:40  Drone  
  44  3:46  Evolution Chamber  
  44  3:47  Overlord  
  44  3:48  Drone  
  44  3:51  Baneling  
  44  3:53  Zergling x4  
  44  3:54  Drone  
  44  3:55  Drone x2  
  49  3:56  Drone  
  49  4:00  Extractor  
  49  4:05  Drone x2  
  49  4:06  Drone  
  52  4:10  Drone  
  52  4:11  Zerg Missile Weapons Level 1  
  52  4:14  Drone x2  
  54  4:21  Extractor  
  52  4:24  Overlord, Lair  
  52  4:25  Drone  
  52  4:27  Zergling x4  
  52  4:29  Zergling x2  
  52  4:30  Zergling x2  
  52  4:31  Zergling x2  
  54  4:33  Zergling x2  
  54  4:36  Zergling x4  
  56  4:39  Zergling x4  
  56  4:45  Roach Warren, Zergling x2  
  58  4:48  Zergling x2  
  58  4:49  Zergling x2  
  58  4:51  Baneling x3  
  53  5:00  Queen  
  53  5:02  Zergling x8  
  59  5:10  Overlord  
  59  5:11  Baneling  
  59  5:15  Extractor  
  59  5:16  Drone x3  
  59  5:17  Drone x3  
  64  5:22  Drone  
  64  5:27  Drone  
  62  5:36  Roach x4  
  62  5:37  Roach x2  
  62  5:42  Roach  
  75  5:46  Roach  
  75  5:47  Queen  
  78  5:53  Roach x2  
  82  5:57  Spine Crawler  
  82  6:02  Roach  
  79  6:11  Roach x2  
  79  6:14  Queen x2  
  81  6:21  Spine Crawler  
  74  6:27  Roach x4  
  74  6:30  Roach  
  74  6:32  Roach x3  
  81  6:35  Overlord  
  81  6:39  Roach x3  
  81  6:46  Ravager, Overlord  
  82  6:54  Queen x2  
  75  6:55  Roach x2  
  75  6:56  Roach x2  
  75  6:57  Glial Reconstitution  
  87  7:02  Roach  
  87  7:06  Roach x3  
  95  7:12  Roach  
  95  7:13  Roach  
  97  7:22  Overlord, Drone  
  98  7:37  Overlord  
  98  7:41  Overlord  
  98  7:42  Ravager  
  98  7:43  Ravager  
  100  7:46  Ravager  
  100  7:47  Roach  
  100  7:50  Overlord  
  103  7:53  Roach  
  105  7:59  Roach x3  
  105  8:02  Roach  
  105  8:04  Overlord  
  113  8:10  Roach x2  
  117  8:15  Roach x2  
  117  8:19  Extractor  
  120  8:22  Roach x2  
  120  8:23  Drone x9  
  133  8:28  Overlord  
  131  8:37  Overlord  
  131  8:39  Drone x3  
  123  8:44  Roach x4  
  123  8:48  Ravager  
  128  8:49  Roach x2  
Show
View Real Time Build Order
Export as new Build Order

Stephano Zerg 

Build Orders: Hatch First 

Get SALT Encoding   

  12  0:00  Drone  
  13  0:12  Overlord  
  13  0:17  Drone  
  14  0:31  Drone x2  
  14  0:35  Drone  
  17  0:52  Hatchery  
  17  0:55  Drone  
  17  0:58  Drone  
  18  1:09  Extractor  
  17  1:13  Spawning Pool  
  17  1:15  Drone  
  17  1:19  Drone  
  18  1:28  Drone  
  19  1:39  Overlord  
  19  1:53  Drone  
  20  2:00  Queen  
  20  2:01  Zergling x2  
  23  2:03  Queen  
  23  2:04  Drone  
  26  2:12  Drone, Metabolic Boost  
  27  2:18  Zergling x2  
  28  2:24  Drone  
  28  2:28  Drone  
  30  2:33  Drone  
  30  2:35  Queen  
  30  2:36  Drone  
  34  2:50  Overlord, Hatchery  
  33  2:58  Baneling Nest, Drone  
  33  3:00  Drone  
  35  3:05  Drone x2  
  35  3:09  Zergling x4  
  38  3:15  Drone x2  
  38  3:18  Overlord  
  40  3:20  Drone  
  40  3:24  Zergling x2  
  43  3:34  Drone x2  
  43  3:36  Overlord  
  43  3:38  Drone  
  43  3:40  Zergling x2  
  46  3:44  Baneling x2  
  46  3:47  Drone x2  
  48  3:48  Baneling  
  48  3:49  Baneling  
  48  3:50  Zergling x6  
  48  3:52  Overlord  
  48  3:54  Drone  
  52  3:56  Drone  
  52  4:00  Extractor  
  52  4:09  Overlord, Drone  
  53  4:13  Roach Warren  
  53  4:14  Zergling x6  
  54  4:18  Drone x2  
  54  4:23  Zergling x6  
  54  4:24  Zergling x2  
  58  4:26  Zergling x4  
  58  4:27  Baneling  
  58  4:28  Baneling  
  58  4:32  Overlord  
  58  4:43  Overlord  
  57  4:51  Overlord  
  56  4:54  Roach x3  
  56  4:55  Roach x2  
  56  4:59  Roach  
  64  5:00  Baneling x2  
  64  5:02  Roach  
  66  5:12  Roach x3  
  71  5:15  Zergling x4  
  72  5:21  Zergling x6  
  72  5:22  Zergling x4  
  76  5:28  Zergling x8  
  76  5:29  Zergling x2  
  76  5:34  Zergling x2  
  80  5:37  Zergling x8  
  82  5:43  Zergling x2  
  82  5:44  Zergling x4  
  82  5:47  Zergling x12  
  86  5:51  Baneling  
  86  5:55  Zergling x2  
  86  6:00  Baneling  
  86  6:01  Baneling  
  86  6:02  Zergling x4  
  85  6:07  Zergling x10  
  88  6:12  Baneling x5  
  88  6:13  Baneling  
  88  6:14  Zergling x2  
  80  6:18  Zergling x4  
  80  6:22  Zergling x2  
  80  6:25  Baneling x2  
  72  6:34  Zergling x6  
  72  6:38  Drone  
  72  6:39  Lair  
  68  6:42  Drone x2  
  68  6:45  Evolution Chamber  
  67  6:50  Drone x2  
  62  6:54  Drone  
  62  6:55  Queen  
  62  7:03  Overlord  
  62  7:04  Drone x2  
  61  7:13  Drone x2  
  59  7:18  Roach x5  
  59  7:21  Roach x2  
  72  7:25  Spine Crawler  
  72  7:27  Spine Crawler  
  72  7:28  Overlord  
  69  7:32  Roach x2  
  75  7:37  Roach  
  75  7:38  Roach x2  
  75  7:39  Spine Crawler  
  75  7:41  Overlord  
  75  7:42  Roach  
  80  7:47  Overlord  
  80  7:49  Roach  
  80  7:50  Roach  
  84  7:53  Extractor  
  84  7:55  Roach  
  84  7:58  Overlord  
  85  7:59  Overlord  
  85  8:07  Overlord  
  85  8:10  Roach  
  85  8:11  Roach, Overlord x2  
  89  8:15  Overlord  
  89  8:18  Overlord  
  89  8:26  Roach  
  91  8:29  Roach  
  91  8:30  Roach  
  86  8:36  Roach x2  
  86  8:41  Roach  
  78  8:43  Roach  
Tags
 
Add a new tag
Caveats
  • Supply blocks, unpowered buildings, or Contaminate may cause inaccurate times.
  • Supply counts are checked every 10 seconds.